 Dungeon Crawl Stone Soup version 0.30.1-4-g462c640d31 (webtiles) character file.

Game seed: 5863987651040239657

72 HagarQim the Charlatan (level 4, -1/34 HPs)
             Began as a Gnoll Wanderer on Aug 28, 2023.
             Slain by Grinder (3 damage)
             ... on level 3 of the Dungeon.
             The game lasted 00:08:33 (2117 turns).

HagarQim the Charlatan (Gnoll Wanderer)             Turns: 2117, Time: 00:08:33

Health: -1/34      AC:  2    Str: 11    XL:     4   Next: 25%
Magic:  6/6        EV: 12    Int: 11    God:
Gold:   99         SH:  0    Dex: 14    Spells: 5/5 levels left

rFire   . . .        s - +4 whip
rCold   . . .        (no shield)
rNeg    . . .        m - +0 robe
rPois   .            (no helmet)
rElec   .            (no cloak)
rCorr   .            (no gloves)
SInv    .            (no boots)
Will    .....        (no amulet)
Stlth   +++          (no ring)
HPRegen 0.25/turn    (no ring)
MPRegen 0.10/turn

%: no passive effects
@: no status effects
A: fangs 1, strong nose, distributed training
a: no special abilities


You were on level 3 of the Dungeon.
You visited 1 branch of the dungeon, and saw 3 of its levels.

You collected 99 gold pieces.

Inventory:

Hand Weapons
 a - a +2 dagger
 c - a +0 sling
 q - a +1 short sword of freezing
 s - a +4 whip (weapon)
Missiles
 j - 4 poisoned darts
Armour
 m - a +0 robe (worn)
 r - an orb of mayhem
Scrolls
 b - a scroll of fear
 f - a scroll of vulnerability {unknown}
 h - 4 scrolls of identify
 i - a scroll of enchant armour
Potions
 g - a potion of attraction {unknown}
 k - a potion of haste {unknown}
 n - a potion of curing {unknown}
 p - a potion of berserk rage {unknown}
Miscellaneous
 d - a piece from Xom's chessboard (12/15) (quivered)


   Skills:
 + Level 2.7 Fighting
 + Level 1.1 Short Blades
 + Level 1.1 Long Blades
 + Level 1.1 Axes
 + Level 1.1 Maces & Flails
 + Level 1.1 Polearms
 + Level 1.1 Staves
 + Level 6.6 Ranged Weapons
 + Level 1.1 Throwing
 + Level 1.1 Armour
 + Level 1.1 Dodging
 + Level 4.2 Stealth
 + Level 1.1 Shields
 + Level 1.1 Unarmed Combat
 + Level 1.1 Spellcasting
 + Level 0.9 Conjurations
 + Level 0.9 Hexes
 + Level 0.9 Summonings
 + Level 0.9 Necromancy
 + Level 0.9 Translocations
 + Level 0.9 Transmutations
 + Level 0.9 Fire Magic
 + Level 0.9 Ice Magic
 + Level 0.9 Air Magic
 + Level 0.9 Earth Magic
 + Level 0.9 Poison Magic
 + Level 2.8 Invocations
 + Level 6.6 Evocations


You had 5 spell levels left.
You didn't know any spells.
Your spell library contained the following spells:

 Spells                   Type           Power      Damage    Failure   Level
 Blink                    Tloc           4%         N/A       32%         2
 Lesser Beckoning         Tloc           4%         N/A       32%         2
 Momentum Strike          Conj/Tloc      4%         3d8       32%         2
 Sublimation of Blood     Necr           2%         N/A       32%         2
 Petrify                  Tmut/Erth      2%         N/A       91%         4
 Irradiate                Conj/Tmut      1%         3d12      99%         5


Dungeon Overview and Level Annotations

Branches:
Dungeon (3/15)

Altars:
Kikubaaqudgha

Shops:
D:3 (

Annotations:
D:3 Grinder


Innate Abilities, Weirdness & Mutations

You have very sharp teeth.
Your uncanny sense of smell can sniff out nearby items.
Your experience applies equally to all skills.


Message History

The frilled lizard attacks as you move away!
The frilled lizard closely misses you.
The frilled lizard attacks as you move away!
The frilled lizard bites you.
You closely miss the frilled lizard. Your bite misses the frilled lizard.
The frilled lizard bites you.
You whack the frilled lizard!
You kill the frilled lizard!
You barely miss the goblin. The goblin closely misses you.
You hit the goblin.
You kill the goblin!
Grinder gestures at you. Pain shoots through your body!
* * * LOW HITPOINT WARNING * * *
Grinder blinks!
You feel much better.
Okay, then.
Unknown command.
Unknown command.
Grinder gestures at you. Pain shoots through your body!
You make a move on Xom's chessboard...
Grinder struggles to resist.
Grinder gestures at you. You resist with significant effort. Grinder hits you!
You writhe in agony.
* * * LOW HITPOINT WARNING * * *
You make a move on Xom's chessboard...
Grinder is outlined in light.
Grinder gestures at you.
You barely resist.
You feel much better. Grinder hits you!
You writhe in agony.
You hit Grinder. You bite Grinder, but do no damage.
Grinder is lightly wounded.
Grinder hits you!
* * * LOW HITPOINT WARNING * * *
You writhe in agony.
* * * LOW HITPOINT WARNING * * *
Unknown command.
You make a move on Xom's chessboard...
Grinder seems to speed up.
Grinder hits you.
You die...

.#*****,,*#.[.,,,..*##........#**
~~##*###.....#..,,.,,.........#
~....#....<.....,:.###........#
.....#.##.....)***#...........#
,#...........#** #.##........#
.#...........### ##.##........#
........#.....)###........†...##
,**,,*#........#...###.........#
<,,,**#........5@.## #####†..#.#
,,,***#############*** #.#.#.#
**,,**,*,*,****** *,,* #.#.#.#
,∆***,⌠,*,⌠,*,,,***,,* #.#...#
,,**,*,*,*,*,*,*,**,,* #.###.##
,,*.Z.*,⌠,*,⌠.*,⌠,#,,* #..*#...
,,#⌠.⌠,*,*,#.#,*,,+.** ##.,##..
,,#b_.,,*,⌠.#,⌠,*,+.######**,*#..
**#⌠,⌠,#,#.#,*,*,,+......# *,*#..


You could see Grinder (fast, corona).

Vanquished Creatures
  3 adders
  A worm (D:2)
  3 dart slugs
  3 ball pythons
  2 endoplasms (D:1)
  A giant cockroach (D:1)
  4 goblins
  5 hobgoblins
  2 jackals (D:1)
  2 quokkas
  3 bats
  2 frilled lizards
  3 rats (D:2)
34 creatures vanquished.

Notes
Turn   | Place    | Note
-------+----------+-------------------------------------------
     0 | D:1      | HagarQim the Gnoll Wanderer began the quest for the Orb.
     0 | D:1      | HagarQim set off with the following items: a +2 dagger, a
                  | scroll of fear, a +0 sling, a piece from Xom's chessboard
                  | (15/15), a potion of heal wounds, a +0 leather armour.
     0 | D:1      | Reached XP level 1. HP: 17/17 MP: 2/2
   126 | D:1      | Reached XP level 2. HP: 19/23 MP: 3/3
  1081 | D:2      | Reached XP level 3. HP: 18/28 MP: 4/4
  1802 | D:2      | Reached skill level 1 in Short Blades
  1802 | D:2      | Reached skill level 1 in Long Blades
  1802 | D:2      | Reached skill level 1 in Axes
  1802 | D:2      | Reached skill level 1 in Maces & Flails
  1802 | D:2      | Reached skill level 1 in Polearms
  1802 | D:2      | Reached skill level 1 in Staves
  1802 | D:2      | Reached skill level 1 in Throwing
  1802 | D:2      | Reached skill level 1 in Armour
  1802 | D:2      | Reached skill level 1 in Dodging
  1802 | D:2      | Reached skill level 1 in Shields
  1802 | D:2      | Reached skill level 1 in Unarmed Combat
  1802 | D:2      | Reached skill level 1 in Spellcasting
  1978 | D:3      | Found an ancient bone altar of Kikubaaqudgha.
  1997 | D:3      | Found Done's Weapon Boutique.
  2000 | D:3      | Reached XP level 4. HP: 19/34 MP: 6/6
  2081 | D:3      | Noticed Grinder
  2117 | D:3      | Slain by Grinder

Illustrated notes

Levels and vault maps discovered:
D:1:      sevenhm_arrival_forest_fort_small_3, layout_basic, lemuel_flame_loot_1
D:2:      layout_loops_cross, serial_glass, glass_columns_a, glass_columns_a,
          minmay_strange_pillars
D:3:      layout_rooms, kennysheep_vampire_church, gup_sewer_entry_pipe,
          serial_shops, shop, minmay_goblin_kobold_house, uniq_grinder,
          uniq_ijyb

Skill      XL: |  1  2  3 |
---------------+----------+-----
Short Blades   | 1 |  1.1
Long Blades    | 1 |  1.1
Axes           | 1 |  1.1
Maces & Flails | 1 |  1.1
Polearms       | 1 |  1.1
Staves         | 1 |  1.1
Throwing       | 1 |  1.1
Armour         | 1 |  1.1
Dodging        | 1 |  1.1
Shields        | 1 |  1.1
Unarmed Combat | 1 |  1.1
Spellcasting   | 1 |  1.1
Fighting       | |  2.7
Ranged Weapons | |  6.6
Stealth        | |  4.2
Conjurations   | |  0.9
Hexes          | |  0.9
Summonings     | |  0.9
Necromancy     | |  0.9
Translocations | |  0.9
Transmutations | |  0.9
Fire Magic     | |  0.9
Ice Magic      | |  0.9
Air Magic      | |  0.9
Earth Magic    | |  0.9
Poison Magic   | |  0.9
Invocations    | |  2.8
Evocations     | |  6.6

Action                     |  1- 3 |  4- 6 || total
---------------------------+-------+-------++-------
  Melee: Dagger            |    80 |       ||    80
         Bite              |     7 |     2 ||     9
         Short sword       |    15 |       ||    15
         Whip              |     6 |    16 ||    22
         Punch             |     1 |       ||     1
  Evoke: Piece from Xom's  |       |     3 ||     3
    Use: Scroll            |     4 |       ||     4
         Potion            |       |     2 ||     2
   Stab: Sleeping          |     8 |       ||     8
 Armour: Leather armour    |     6 |       ||     6
         Robe              |    11 |     2 ||    13
  Dodge: Dodged            |    57 |    12 ||    69
